cohdb
Replays
Latest Replays
All Replays
Popular Replays
Top Player Replays
Match Explorer
How It Works
Community
CoH3 Stats
Reddit
Sign in to upload your games and track your stats! →
Sign in with Steam
Match 42854906
Unlisted
Match 42854906
Overview
Messages
Build Orders
End
Vickers Machine Gun Team
Construct Section Command Post
Selects Canadian Shock Battlegroup
Dingo Light Scout Car
Selects Attacking Spirit
Selects Canadian Shock Section
Canadian Shock Section
Canadian Shock Section
Construct Platoon Command Post
6-pounder Anti-tank Gun Team
CMP 15cwt Truck
Selects Incendiary Munitions
Canadian Shock Section
Unlock Bishop Self-propelled Artillery
Infantry Training
Selects Pyrotechnics
Bishop Self-propelled Artillery
Canadian Shock Section
Forward Retreat Point
Bishop Self-propelled Artillery
(◕‿◕)
gUi
grandmaster
CreativeKimbo
Wilh
火蔷薇十字弓队
wownptlbaby
生是中国人死是中国僵
0
0
Comments
sign in to comment!
No comments posted yet!